[Event "*** Titled Tuesday 3|2 Blitz"]
[Site "Chess.com"]
[Date "2017.05.02"]
[Round "10"]
[White "DavidForthoffer"]
[Black "Robin-Side"]
[Result "0-1"]
[WhiteElo "2079"]
[BlackElo "2289"]
[TimeControl "180+2"]
[EndTime "15:15:28 PDT"]
[Termination "Robin-Side won by resignation"]

1. d4 Nf6 2. c4 g6 3. Nc3 d5 4. Nf3 Bg7 5. e3 O-O 6. Bd2 c5 7. dxc5 dxc4 8. Bxc4 Na6 9. Bxa6 bxa6 10. b4 Qc7 11. Rc1 a5 12. a3 axb4 13. axb4 a5 14. Na4 axb4 15. O-O Ba6 16. Re1 Rab8 17. Qb3 Qa5 18. Nd4 Bb5 19. Nxb5 Qxb5 20. Rc4 Nd5 21. e4 Nf6 22. Rxb4 Qe8 23. Rxb8 Qxb8 24. Qxb8 Rxb8 25. f3 Nd7 26. Rc1 Bd4+ 27. Kf1 Ne5 28. Ke2 Nc6 29. Rc2 Kf8 30. Be3 Rb4 31. Nb6 Ke8 32.
Bd2 Rb5 33. Be3 Be5 34. f4 Bd4 35. Nd5 Bxe3 36. Nc7+ Kd7 37. Nxb5 Bxf4 38. g3 Be5 39. Kd3 Nb4+ 40. Kd2 Nxc2 41. Kxc2 Kc6 42. Na3 Kxc5 43. Kd3 h5 44. Nc4 Bc7 45. Nd2 h4 46. gxh4 Bxh2 47. Nf3 Bf4 48. Nd4 Kd6 49. Nf3 Ke6 50. Nd4+ Kf6 51. Nc6 Bg3 52. Ke2 Bxh4 0-1

[Event "*** Titled Tuesday 3|2 Blitz"]
[Site "Chess.com"]
[Date "2017.05.02"]
[Round "10"]
[White "IIIlllII1llIl"]
[Black "evgenyermolaev"]
[Result "1-0"]
[WhiteElo "2537"]
[BlackElo "2351"]
[TimeControl "180+2"]
[EndTime "15:15:36 PDT"]
[Termination "IIIlllII1llIl won by resignation"]

1. e4 c5 2. c3 g6 3. Nf3 Bg7 4.
d4 cxd4 5. cxd4 d6 6. h3 Nf6 7. Nc3 O-O 8. Bd3 a6 9. O-O b5 10. Be3 Bb7 11. Nd2 Nbd7 12. f4 Rc8 13. a3 Nb6 14. Qb3 d5 15. e5 Nfd7 16. f5 Nc4 17. Bxc4 dxc4 18. Qd1 Nb6 19. Nde4 Nd5 20. Bg5 h6 21. Bxe7 Nxe7 22. f6 Nf5 23. fxg7 Kxg7 24. Rxf5 gxf5 25. Nf6 Rc6 26. Ncd5 Rh8 27. Qd2 a5 28. Qf2 Bc8 29. Nf4 Kf8 30. N4h5 Be6 31. d5 Bxd5 32. Rd1 Qb6 33. Nd7+ 1-0

[Event "*** Titled Tuesday 3|2 Blitz"]
[Site "Chess.com"]
[Date "2017.05.02"]
[Round "10"]
[White "Enzy63"]
[Black "Olkaa"]
[Result "0-1"]
[WhiteElo "2045"]
[BlackElo "2446"]
[TimeControl "180+2"]
[EndTime "15:15:39 PDT"]
[Termination "Olkaa won on time"]

1. d4 Nf6 2. Nf3 g6 3. c4 Bg7 4. g3 O-O 5. Bg2 d6 6. Nc3 Nbd7 7. O-O e5 8. e4 exd4 9. Nxd4 Re8 10. h3 a6 11. Be3 Rb8 12. b3 c5 13. Nde2 b5 14. Qxd6 b4 15. Na4 Nxe4 16. Bxe4 Rxe4 17. Nxc5 Bf8 18.
Qd5 Re5 19. Nxd7 Rxd5 20. Nxb8 Bxh3 21. cxd5 Bxf1 22. Kxf1 Qxb8 23. Rd1 Bd6 24. Nd4 Kf8 25. Nc6 Qb5+ 26. Kg1 Qe2 27. Rd2 Qb5 28. Bd4 Ke8 29.
Be5 Kd7 30. Bxd6 Kxd6 31. Rd4 a5 32. Rd2 Qc5 33. Kf1 h5 34. Nd4 Qc1+ 35. Ke2 Kxd5 0-1

[Event "*** Titled Tuesday 3|2 Blitz"]
[Site "Chess.com"]
[Date "2017.05.02"]
[Round "10"]
[White "Konavets"]
[Black "MagnusCarlsen"]
[Result "0-1"]
[WhiteElo "2692"]
[BlackElo "2992"]
[TimeControl "180+2"]
[EndTime "15:15:46 PDT"]
[Termination "MagnusCarlsen won by resignation"]

1. e4 e5 2. Nf3 Nc6 3. Bb5 Nf6 4.
d3 Bc5 5. c3 O-O 6. O-O d6 7.
Bg5 a6 8. Bxc6 bxc6 9. d4 exd4 10. cxd4 Bb6 11. h3 h6 12. Bxf6 Qxf6 13. Nc3 Re8 14. Rc1 Qf4 15. Re1 Bd7 16. Re3 Re7 17. b4 a5 18. b5 Qf6 19. Qb3 Be6 20. Qb2 cxb5 21. Qxb5 Rae8 22. Nd5 Bxd5 23. Qxd5 Qe6 24. Qxe6 Rxe6 25.
Rce1 a4 26. a3 Ba5 27. R1e2 Rb8 28. g3 Rb1+ 29. Kg2 Bb6 30. Rc3 d5 31. e5 f6 32.
Rd2 Ba5 33. Rc5 Bxd2 34. Nxd2 Rb2 35. Nf3 fxe5 36. Nxe5 Rf6 37. Ng4 Rf5 38. Rxc7 h5 39.
Ne3 Rfxf2+ 40. Kg1 Rf3 41. Nxd5 Rxg3+ 42. Kf1 Rxh3 43. Kg1 Rxa3 44. Rc1 Rab3 45. Rc5 a3 46. Ne7+ Kf7 0-1

[Event "*** Titled Tuesday 3|2 Blitz"]
[Site "Chess.com"]
[Date "2017.05.02"]
[Round "10"]
[White "platy3"]
[Black "Hikaru"]
[Result "0-1"]
[WhiteElo "2644"]
[BlackElo "2870"]
[TimeControl "180+2"]
[EndTime "15:15:48 PDT"]
[Termination "Hikaru won by resignation"]

1. e4 e5 2. Nf3 Nc6 3. Bb5 Nf6 4.
O-O Nxe4 5. Re1 Nd6 6. Nxe5 Be7 7.
Bd3 Nxe5 8. Rxe5 O-O 9. Nc3 Bf6 10. Re1 c6 11. b3 Re8 12. Ba3 Rxe1+ 13. Qxe1 Ne8 14.
Qe4 g6 15. Re1 Ng7 16. Bd6 b6 17. Qf3 Ne6 18. Nd5 Bg5 19. Nf4 Bb7 20. Qg3 Nxf4 21. Bxf4 Bh4 22. Qf3 d5 23. Bh6 Bg5 24. Bxg5 Qxg5 25. Re2 Kg7 26. g3 h5 27. h4 Qf6 28.
Qe3 c5 29. Qe7 Bc6 30. Qxf6+ Kxf6 31. f4 Bd7 32. Re5 Be6 33. Kf2 a5 34. Bb5 Rd8 35. d4 Rc8 36. Ke2 cxd4 37. Kd2 Ke7 38. Bd3 Kd6 39. Rg5 Rh8 40. Re5 Bg4 41. Re1 Rg8 42. Re5 f6 43. Rxd5+ Kxd5 44. Bc4+ Ke4 45. Bxg8 Kf3 46.
Kd3 Bf5+ 47. Kxd4 Bxc2 48. Kd5 Kxg3 49. Kc6 Kxf4 50. Kxb6 g5 51. hxg5 fxg5 52. Kxa5 g4 53. b4 g3 0-1

[Event "*** Titled Tuesday 3|2 Blitz"]
[Site "Chess.com"]
[Date "2017.05.02"]
[Round "10"]
[White "wonderfultime"]
[Black "Storne89"]
[Result "1-0"]
[WhiteElo "2584"]
[BlackElo "2504"]
[TimeControl "180+2"]
[EndTime "15:15:49 PDT"]
[Termination "wonderfultime won on time"]

1. d4 Nf6 2. c4 c5 3. d5 b5 4. Nd2 bxc4 5. e4 d6 6. Bxc4 g6 7. b3 Bg7 8. Bb2 O-O 9. Ngf3 Bb7 10. O-O Nbd7 11. Qc2 Nb6 12. Rfe1 Qd7 13. Rad1 Qc7 14. h3 a6 15. Bf1 a5 16. Nc4 a4 17. Bc3 axb3 18. axb3 Nxc4 19. bxc4 e5 20. dxe6 fxe6 21. Ng5 Rae8 22. e5 dxe5 23. Bxe5 Qc6 24. Bd6 Bh6 25.
Bxf8 Bxg5 26. Bd6 Nh5 27. Qb3 Rd8 28. Be5 Rxd1 29. Rxd1 Qe4 30. Bd6 e5 31. Qd3 Qh4 32. Bxe5 Nf4 33. Qd7 Nxh3+ 34. gxh3 1-0

[Event "*** Titled Tuesday 3|2 Blitz"]
[Site "Chess.com"]
[Date "2017.05.02"]
[Round "10"]
[White "NewBornNow"]
[Black "yurisolo"]
[Result "1-0"]
[WhiteElo "2568"]
[BlackElo "2535"]
[TimeControl "180+2"]
[EndTime "15:15:56 PDT"]
[Termination "NewBornNow won on time"]

1. e4 c5 2. Nf3 e6 3. d3 Nc6 4. g3 g6 5. Bg2 Bg7 6. O-O Nge7 7. c3 O-O 8. Na3 Rb8 9. d4 cxd4 10.
cxd4 d5 11. e5 Bd7 12. Nc2 Rc8 13. Bf4 Nf5 14. Qd2 h6 15. g4 Nh4 16. Nxh4 Qxh4 17. h3 Kh7 18. Bg3 Qd8 19. f4 Qa5 20. b4 Qa4 21. Rf2 a5 22. b5 Qxb5 23. Bf1 Qb6 24.
Bd3 Kg8 25. Qe3 Ne7 26. Bh4 Rfe8 27. Qe1 Ba4 28. Rb1 Qa7 29. Kg2 Bxc2 30. Bxc2 Nc6 31.
f5 Nxd4 32. fxg6 Nxc2 33. gxf7+ Kh7 34. Qe2 Rf8 35. Qd3+ Kh8 36. Qg6 Qd4 37. Rxb7 1-0

[Event "*** Titled Tuesday 3|2 Blitz"]
[Site "Chess.com"]
[Date "2017.05.02"]
[Round "10"]
[White "SCIM"]
[Black "PowerThinking2650"]
[Result "0-1"]
[WhiteElo "2369"]
[BlackElo "2201"]
[TimeControl "180+2"]
[EndTime "15:15:58 PDT"]
[Termination "PowerThinking2650 won by resignation"]

1. d4 Nf6 2. c4 g6 3. Nc3 Bg7 4.
e4 O-O 5. Be3 d6 6. f3 Nc6 7.
Nge2 a6 8. Qd2 Rb8 9. Rc1 Bd7 10. b3 b5 11. Nd5 bxc4 12. bxc4 e6 13. Nxf6+ Bxf6 14. g3 d5 15. e5 Be7 16. c5 f6 17. f4 fxe5 18. fxe5 Rb4 19. Bh3 Qb8 20. Nf4 Rb2 21.
Rc2 Rb1+ 22. Rc1 Rb2 23. Qc3 Qb5 24. a4 Qb4 25. Qxb4 Nxb4 26. O-O Bg5 27. Rb1 Rxb1 28. Rxb1 a5 29. Nxd5 exd5 30. Bxg5 Bxh3 31. Bf4 Kg7 32.
e6 Re8 33. Bxc7 Rxe6 34. Bxa5 Nd3 35. c6 Rxc6 36. Bd2 Rc2 37. Rb7+ Kf6 38. Rb6+ Kf5 39.
Be3 Rg2+ 40. Kh1 Nf2+ 41. Bxf2 Rxf2 42. Rb1 Rf1+ 43. Rxf1+ Bxf1 44. Kg1 Ba6 45. Kf2 Ke4 0-1

[Event "*** Titled Tuesday 3|2 Blitz"]
[Site "Chess.com"]
[Date "2017.05.02"]
[Round "10"]
[White "spectralsoul"]
[Black "PaulfromSPb"]
[Result "1-0"]
[WhiteElo "2653"]
[BlackElo "2571"]
[TimeControl "180+2"]
[EndTime "15:16:15 PDT"]
[Termination "spectralsoul won by resignation"]

1. Nf3 Nf6 2. c4 e6 3. g3 c5 4. Bg2 Nc6 5. O-O g6 6. d4 cxd4 7. Nxd4 Bg7 8. Nb5 O-O 9. Nd6 Ne8 10.
Nc3 Nxd6 11. Qxd6 Be5 12. Qd3 a6 13. Bh6 Re8 14. Rad1 Qb6 15. b3 d6 16. Ne4 d5 17.
cxd5 Nb4 18. Qd2 exd5 19. Be3 Qa5 20. Nc5 b6 21. Na4 Be6 22. Bxb6 Qb5 23. Rc1 Rac8 24. Rc5 Rxc5 25. Bxc5 a5 26. Rc1 Nc6 27. e3 Rd8 28.
Bf1 Qb7 29. Bb6 Rc8 30. Bb5 Nb4 31. Rxc8+ Qxc8 32. Bxa5 Nc6 33. Bb6 Ne7 34. Bd4 Bxd4 35. exd4 Bh3 36. Bf1 Bxf1 37. Kxf1 Nf5 38. Nc3 Qa6+ 39.
Qe2 Qc6 40. Qd3 h5 41. Ke2 Qe6+ 42. Kd2 Nd6 43. f3 Qh3 44. Qe2 Nf5 45. Nxd5 h4 46.
Nf4 1-0

[Event "*** Titled Tuesday 3|2 Blitz"]
[Site "Chess.com"]
[Date "2017.05.02"]
[Round "10"]
[White "severomorskij"]
[Black "Michelangelo"]
[Result "1-0"]
[WhiteElo "2685"]
[BlackElo "2641"]
[TimeControl "180+2"]
[EndTime "15:16:19 PDT"]
[Termination "severomorskij won on time"]

1. d4 Nf6 2. Bg5 d5 3. e3 c5 4. Bxf6 gxf6 5. dxc5 e6 6. c4 dxc4 7. Nd2 c3 8. bxc3 Bxc5 9. Ngf3 Nc6 10. Be2 Qc7 11.
O-O Be7 12. Nd4 Bd7 13. Nb5 Qd8 14. Nc4 O-O 15. Ncd6 Rb8 16. c4 a6 17. Nc3 Qc7 18. c5 b6 19. Bxa6 bxc5 20. Ndb5 Qb6 21. Qxd7 Rfd8 22.
Qc7 Qxa6 23. a4 Bf8 24. Qg3+ Kh8 25. h3 f5 26. Rad1 Bg7 27. Qc7 Kg8 28. Rxd8+ Rxd8 29. Qg3 Ne5 30. Rb1 Ng6 31. Qc7 Rc8 32. Qd6 Qa5 33. Qd3 c4 34. Qc2 Ne5 35. Nd4 Nd3 36. Ndb5 Nc5 37. Nd6 Rd8 38. Ncb5 c3 39. Ra1 Na6 40.
Nb7 Nb4 41. Qb3 c2 42. Rc1 1-0

[Event "*** Titled Tuesday 3|2 Blitz"]
[Site "Chess.com"]
[Date "2017.05.02"]
[Round "10"]
[White "GM_Huschenbeth"]
[Black "Rikikits"]
[Result "0-1"]
[WhiteElo "2402"]
[BlackElo "2587"]
[TimeControl "180+2"]
[EndTime "15:16:34 PDT"]
[Termination "Rikikits won on time"]

1. e4 c5 2. Nf3 d6 3. d4 cxd4 4.
Nxd4 Nf6 5. Nc3 Nc6 6. Bg5 Bd7 7. Qd2 Rc8 8. O-O-O Nxd4 9. Qxd4 Qa5 10. f4 Rxc3 11. bxc3 e5 12. Qb4 Qxb4 13. cxb4 Nxe4 14. Bh4 Nc3 15.
Rd3 Ne4 16. Re3 f5 17. fxe5 d5 18. a3 g5 19. Rxe4 fxe4 20. Bxg5 Bg7 21. Bf4 Kf7 22.
Be2 Kg6 23. c3 Re8 24. Kd2 Bxe5 25. Bxe5 Rxe5 26. Ke3 h5 27. Rd1 h4 28. c4 Be6 29.
c5 Rg5 30. Bf1 Kf6 31. Kd4 Rf5 32. b5 Rf2 33. Rc1 Rd2+ 34. Kc3 Rf2 35. Kd4 Rd2+ 36. Kc3 Ra2 37. Kb3 Rf2 38. c6 bxc6 39. bxc6 Ke5 40. Ba6 Rxg2 41. c7 d4+ 42. Kb4 Rb2+ 43. Ka5 d3 44.
Rc6 Bh3 0-1

[Event "*** Titled Tuesday 3|2 Blitz"]
[Site "Chess.com"]
[Date "2017.05.02"]
[Round "10"]
[White "kleinebeer98"]
[Black "Vrolijk"]
[Result "1-0"]
[WhiteElo "2472"]
[BlackElo "2339"]
[TimeControl "180+2"]
[EndTime "15:16:44 PDT"]
[Termination "kleinebeer98 won by resignation"]

1. e4 e5 2. Nf3 Nc6 3. Nc3 Nf6 4.
h3 h6 5. d4 exd4 6. Nxd4 Bb4 7.
Nxc6 bxc6 8. Bd3 d5 9. exd5 cxd5 10. O-O O-O 11. Qf3 c6 12. Re1 Bd6 13. Bf4 Rb8 14. b3 Rb4 15. Bxd6 Qxd6 16. Rad1 Be6 17. Ne2 a5 18. c3 Rh4 19. Qg3 Qxg3 20. fxg3 Rh5 21. g4 Re5 22. Nd4 Rxe1+ 23. Rxe1 Bd7 24. Kf2 g6 25. Re7 Rb8 26. Rxd7 Nxd7 27. Nxc6 Rb6 28. Ne7+ Kg7 29. Nxd5 Re6 30. b4 axb4 31. cxb4 Ne5 32. Bc2 Nc6 33. b5 Nd4 34. Bd3 Re5 35. Nc7 Kf8 36. b6 Nc6 37. Bb5 Nb8 38. a4 Ke7 39. a5 Nd7 40. Bxd7 Kxd7 41. a6 Ra5 42. a7 Kc6 43.
a8=Q+ Rxa8 44. Nxa8 Kb7 45. Nc7 Kxb6 46. Nd5+ Kc5 47. Ne3 Kd6 48. Kf3 Ke5 49. Nf1 f6 50. Nd2 Kd4 51. Kf4 Kd3 52. Ne4 Ke2 53. Kg3 1-0

[Event "*** Titled Tuesday 3|2 Blitz"]
[Site "Chess.com"]
[Date "2017.05.02"]
[Round "10"]
[White "ItalianMachine"]
[Black "Schemato"]
[Result "1-0"]
[WhiteElo "2214"]
[BlackElo "2289"]
[TimeControl "180+2"]
[EndTime "15:16:53 PDT"]
[Termination "ItalianMachine won by resignation"]

1. e4 e6 2. d3 c5 3. Nf3 Nc6 4.
g3 g6 5. Bg2 Bg7 6. O-O Nge7 7.
c3 e5 8. Be3 d6 9. d4 exd4 10.
cxd4 Bg4 11. dxc5 Bxb2 12. Nbd2 dxc5 13. Rb1 Bd4 14. Bxd4 Nxd4 15. Rxb7 O-O 16. h3 Be6 17. Nxd4 cxd4 18. Nf3 Nc6 19. Qa4 Na5 20. Rb4 Nc4 21.
Rxc4 Bxc4 22. Qxc4 Rc8 23. Qxd4 Qa5 24. h4 Rfd8 25.
Qf6 Qxa2 26. Ng5 h6 27. Nh3 Re8 28. h5 Qe6 29. Qd4 a5 30. Nf4 Qa6 31. Nd5 Re6 32.
Bh3 Rc4 33. Qb2 Rcxe4 34. Bxe6 Rxe6 35. Nc7 Qb6 36. Qxb6 Rxb6 37. hxg6 fxg6 38. Ra1 Rb7 39. Nd5 Rb5 40. Nc3 Rc5 41. Ne4 Re5 42. f3 g5 43. Kf2 g4 44. Nf6+ Kf7 45. Nxg4 Rb5 46. Nxh6+ Kg6 47. Ng4 Kf5 48. Ne3+ Ke6 49. Nc4 Rc5 50.
Nxa5 Rc2+ 51. Ke3 Rc3+ 52. Kf4 Rc2 53. g4 Kf6 54. Ra4 Rb2 55. Nc4 Rb1 56. Ne3 Rb2 57. Ra6+ Kg7 58. g5 Rb5 59. Nf5+ Kf7 60. g6+ Kg8 61.
Ra8+ 1-0

[Event "*** Titled Tuesday 3|2 Blitz"]
[Site "Chess.com"]
[Date "2017.05.02"]
[Round "10"]
[White "oskariot"]
[Black "Abrito99"]
[Result "0-1"]
[WhiteElo "2432"]
[BlackElo "2325"]
[TimeControl "180+2"]
[EndTime "15:17:01 PDT"]
[Termination "Abrito99 won on time"]

1. e4 e6 2. d4 d5 3. Nd2 h6 4. Ngf3 Nf6 5. e5 Nfd7 6. c4 c5 7. cxd5 exd5 8. Bd3 Nc6 9. O-O Be7 10. Re1 Nf8 11.
dxc5 Ne6 12. Nb3 O-O 13. Bb1 Re8 14. Qd3 Nf8 15. h3 a5 16. Be3 a4 17. Nbd4 a3 18. b3 Qa5 19. Rc1 Bd7 20. Bd2 Qd8 21. b4 Ra4 22. Nxc6 bxc6 23. Bc2 Ra7 24. Nd4 Bg5 25. Re1 Bxd2 26. Qxd2 Qb8 27. b5 cxb5 28. c6 Bc8 29. Rab1 Rxe5 30. Nxb5 Rae7 31. Rxe5 Qxe5 32. Bd3 d4 33. Nxa3 Qd6 34. Nb5 Qxc6 35. Nxd4 Qd5 36. Rb5 Qd6 37. Nf5 Bxf5 38. Rxf5 Rd7 39. Rf3 Ng6 40.
Qa5 Ne5 41. Re3 Nxd3 42. Qa8+ Rd8 43. Qe4 Nc5 44. a3 Nxe4 0-1

[Event "*** Titled Tuesday 3|2 Blitz"]
[Site "Chess.com"]
[Date "2017.05.02"]
[Round "10"]
[White "IMVoja"]
[Black "stepanosinovsky"]
[Result "0-1"]
[WhiteElo "2323"]
[BlackElo "2244"]
[TimeControl "180+2"]
[EndTime "15:17:01 PDT"]
[Termination "stepanosinovsky won by resignation"]

1. Nf3 Nf6 2. c4 g6 3. d4 Bg7 4. Nc3 O-O 5. Bg5 h6 6. Bh4 c5 7. e3 cxd4 8. Nxd4 Nc6 9. Be2 d5 10. O-O Nxd4 11. exd4 dxc4 12. Bxc4 a6 13. a4 Qb6 14.
Qd2 Bf5 15. a5 Qb4 16. Ra4 Qd6 17. Bg3 Qd7 18. d5 Ne4 19. Nxe4 Qxa4 20. b3 Qa3 21.
Re1 Rad8 22. h3 Rd7 23. Bf4 Rfd8 24. Ng3 e6 25. Nxf5 exf5 26. Bxh6 Bxh6 27. Qxh6 Qxa5 28. Qe3 b5 29. Bf1 Rxd5 30. h4 Qd2 31. Qe7 R5d7 32. Qe5 Qd4 33. Qe2 Qxh4 34. g3 Qd4 35. Bg2 Qb4 36.
Qe5 Qxe1+ 37. Qxe1 Rd1 38. Qxd1 Rxd1+ 39. Kh2 Rd2 40.
Kg1 Rd3 41. Bb7 Rxb3 42. Bxa6 Kf8 43. Kf1 Ke7 44. Ke2 Kd6 45. Kd2 Rb2+ 46. Ke3 Kc5 47. Bc8 b4 48. Bd7 b3 49. Be8 Rc2 50. Bxf7 b2 51. Ba2 Rc1 52. Kf4 b1=Q 53. Bxb1 Rxb1 54. Kg5 Rf1 55. f4 Kd4 56. Kxg6 Ke4 57. Kg5 Rg1 58. Kh4 Kf3 59. Kg5 Rxg3+ 60. Kxf5 Rg4 61. Ke5 Rxf4 0-1

[Event "*** Titled Tuesday 3|2 Blitz"]
[Site "Chess.com"]
[Date "2017.05.02"]
[Round "10"]
[White "ChristopherYoo"]
[Black "chessking2151"]
[Result "1-0"]
[WhiteElo "2250"]
[BlackElo "2335"]
[TimeControl "180+2"]
[EndTime "15:17:13 PDT"]
[Termination "ChristopherYoo won by resignation"]

1. e4 c5 2. Nf3 d6 3. d4 cxd4 4.
Nxd4 Nf6 5. Nc3 a6 6. f3 e5 7.
Nb3 h5 8. Be3 Be6 9. Qd2 Nbd7 10.
O-O-O Be7 11. g3 b5 12. f4 b4 13. Nd5 Nxe4 14. Qxb4 Bxd5 15. Rxd5 Nef6 16. Ra5 d5 17.
Qa4 Ng4 18. Bd2 O-O 19. Rxd5 Ngf6 20. Rd3 e4 21. Rd4 Nb6 22. Rxd8 Nxa4 23. Rxa8 Rxa8 24. Bg2 Re8 25. Re1 Bf8 26. Nd4 Nc5 27. b4 Ncd7 28. c4 a5 29. a3 Nb6 30. c5 Nc4 31. Bf1 Nxd2 32. Kxd2 axb4 33. axb4 Nd5 34. Rb1 g6 35. Bc4 Nxb4 36. Rxb4 Bxc5 37. Rb7 Rd8 38. Bxf7+ Kh8 39. Bxg6 Rxd4+ 40. Ke2 Ra4 41. Rh7+ Kg8 42. Rxh5 Ra2+ 43. Kd1 Ra1+ 44. Kc2 Bf8 45. Bxe4 Ra2+ 46. Kd3 Ra3+ 47.
Kd4 Bg7+ 48. Kc4 Ra4+ 49. Kd3 Ra3+ 50. Ke2 Bd4 51. Bd3 Kg7 52. Rd5 Bf6 53. h4 Ra2+ 54.
Kf3 Ra3 55. Rd7+ Kf8 56. h5 Bg7 57. g4 Rb3 58. g5 Bc3 59. h6 Bh8 60. g6 Bf6 61.
g7+ Ke8 62. g8=Q+ Kxd7 63. Qxb3 1-0

[Event "*** Titled Tuesday 3|2 Blitz"]
[Site "Chess.com"]
[Date "2017.05.02"]
[Round "10"]
[White "RitvarsReimanis"]
[Black "DiogenesSinopeus"]
[Result "0-1"]
[WhiteElo "2426"]
[BlackElo "2249"]
[TimeControl "180+2"]
[EndTime "15:17:21 PDT"]
[Termination "DiogenesSinopeus won on time"]

1. d4 Nf6 2. c4 e6 3. Nc3 Bb4 4.
e3 b6 5. Ne2 c5 6. a3 Ba5 7. Bd2 O-O 8. Nf4 Bxc3 9. Bxc3 Ne4 10.
Rc1 Bb7 11. Be2 Nxc3 12. Rxc3 d6 13. Bf3 Bxf3 14. Qxf3 Nd7 15. O-O Qc7 16. Qg3 Nf6 17. Rcc1 Rac8 18. Rfd1 Rfd8 19. Qh4 d5 20. cxd5 Nxd5 21.
Nd3 c4 22. Ne5 b5 23. h3 Qe7 24. Qg3 f6 25. Ng4 Qc7 26. Qh4 Ne7 27. e4 Ng6 28. Qg3 Qxg3 29. fxg3 Kf7 30. Kf2 Ke7 31. Ke3 a5 32. Rc2 f5 33. Nf2 Nf8 34. Rdc1 a4 35. g4 g6 36. gxf5 gxf5 37. g4 fxe4 38. Nxe4 Nd7 39. Rf1 Rf8 40. Rcf2 Rxf2 41. Rxf2 Rf8 42. Re2 Nf6 43. Nxf6 Rxf6 44. Ke4 Kd6 45. g5 Rf1 46. Rg2 Rh1 47. Rg3 Rh2 48. Kf3 Rxb2 49. g6 Rb3+ 50. Kf4 Rxg3 51. Kxg3 hxg6 52. Kg4 c3 53. Kg5 c2 54. Kxg6 c1=Q 55. h4 Qc2+ 0-1

[Event "*** Titled Tuesday 3|2 Blitz"]
[Site "Chess.com"]
[Date "2017.05.02"]
[Round "10"]
[White "Spartakus1975"]
[Black "GMBenjaminBok"]
[Result "0-1"]
[WhiteElo "2597"]
[BlackElo "2679"]
[TimeControl "180+2"]
[EndTime "15:17:33 PDT"]
[Termination "GMBenjaminBok won by resignation"]

1. e4 c5 2. c3 Nf6 3. e5 Nd5 4.
Nf3 Nc6 5. Bc4 Nb6 6. Bb3 d5 7. exd6 Qxd6 8. O-O Be6 9. Bxe6 Qxe6 10. a4 Qd7 11. a5 Nd5 12. a6 b6 13. d4 e6 14. Ne5 Nxe5 15. dxe5 c4 16. Qg4 b5 17. Nd2 h5 18. Qf3 Qc7 19. Re1 Be7 20. Qe4 g6 21. Nf3 Kf8 22. Bg5 Kg7 23. Rad1 Rab8 24.
h3 Rb6 25. Ra1 Rd8 26. Qh4 Bxg5 27. Nxg5 Qe7 28. Qg3 b4 29. Ne4 bxc3 30. bxc3 Rb3 31. Rad1 Ra3 32. Rd4 Nxc3 33. Rxd8 Ne2+ 34. Rxe2 Rxg3 35.
Rc8 Rd3 36. Nf6 Rd8 37. Rxc4 Qa3 38. f4 Qg3 39. Rc1 Qxf4 40. Rf1 Qd4+ 41. Kh1 Qa4 42. Ref2 Rd1 43. Ne8+ Kf8 44. Nd6 Rxf1+ 45. Rxf1 f5 46. exf6 Qxa6 47. Rd1 Qc6 48. Kh2 a5 49. h4 a4 50. Kh3 a3 51. g3 a2 52. g4 a1=Q 53.
Rxa1 Qc3+ 54. Kh2 Qxa1 55. Ne4 Qe5+ 56. Ng3 hxg4 57. Kg2 Qxf6 58. Kh2 Qf2+ 59. Kh1 Qxg3 60. h5 Qf3+ 61. Kg1 g3 0-1

[Event "*** Titled Tuesday 3|2 Blitz"]
[Site "Chess.com"]
[Date "2017.05.02"]
[Round "10"]
[White "Rating-Schmating"]
[Black "Vegan4future"]
[Result "1/2-1/2"]
[WhiteElo "2189"]
[BlackElo "2271"]
[TimeControl "180+2"]
[EndTime "15:17:47 PDT"]
[Termination "Game drawn - insufficient material"]

1. e4 e5 2. Nf3 d6 3. d4 exd4 4. Nxd4 Nf6 5. Nc3 Be7 6. Be2 O-O 7. Be3 Re8 8. O-O Bf8 9. Bf3 c5 10. Nde2 a6 11. a4 Nc6 12. Ng3 g6 13. Nd5 Nxd5 14. exd5 Ne5 15. Be2 f5 16. Qd2 Nf7 17. f4 Bg7 18. c3 Bd7 19. a5 b5 20. axb6 Qxb6 21. b4 Bb5 22. bxc5 dxc5 23. Rab1 Nd6 24. c4 Rxe3 25.
cxb5 axb5 26. Kh1 Bd4 27. Rfc1 b4 28. Nf1 Ne4 29. Qe1 Rc3 30. Rxc3 Bxc3 31. Qh4 c4 32. h3 Qd4 33. Qe7 Nf2+ 34. Kh2 Qxf4+ 35. g3 Qe5 36. Qxe5 Bxe5 37. Bxc4 Bc3 38. Ne3 Ne4 39. Nc2 Rb8 40. d6+ Kf8 41. Rd1 Be5 42. d7 Bxg3+ 43.
Kg2 Bd6 44. Bb3 Ke7 45. Nd4 Kxd7 46. Ba4+ Kc7 47. Rc1+ Kb7 48. Bc6+ Kb6 49. Bxe4 Bc5 50. Nc6 Rc8 51. Bf3 Rxc6 52. Bxc6 Kxc6 53. Kf3 Kd5 54. Ke2 Bd4 55. Kd3 Bc3 56. Rb1 Ke5 57. Kc4 Kf4 58. Rd1 h5 59. Rd6 g5 60. Rd3 h4 61. Kd5 g4 62. Rd1 Kg3 63. Ke6 Kxh3 64. Kxf5 g3 65. Kf4 Kg2 66. Rc1 h3 67. Rc2+ Kf1 68. Kxg3 Be5+ 69.
Kxh3 Bc3 70. Kg3 Ke1 71. Kf3 Kd1 72. Rg2 b3 73. Ke3 b2 74. Rg1+ Kc2 75. Rg2+ Kb3 76. Rxb2+ Bxb2 1/2-1/2

[Event "*** Titled Tuesday 3|2 Blitz"]
[Site "Chess.com"]
[Date "2017.05.02"]
[Round "10"]
[White "GamayevOleg"]
[Black "Blitzstream"]
[Result "0-1"]
[WhiteElo "2420"]
[BlackElo "2471"]
[TimeControl "180+2"]
[EndTime "15:18:11 PDT"]
[Termination "Blitzstream won by resignation"]

1. g3 g6 2. Bg2 Bg7 3. d3 e6 4. Nf3 Ne7 5. O-O d6 6. c3 Nd7 7. a4 O-O 8. Qc2 b6 9. a5 Rb8 10. axb6 axb6 11. Nd4 Bb7 12. Bxb7 Rxb7 13. Nf3 f5 14. Ng5 Rf6 15. Qb3 Nc5 16. Qc2 h6 17. Nf3 g5 18. b4 Nd7 19. Bb2 Ng6 20. c4 e5 21. Nc3 g4 22. Nd2 c6 23. b5 c5 24. Nd5 Re6 25. Ra6 h5 26. Rfa1 h4 27. Ra7 Rxa7 28. Rxa7 hxg3 29. hxg3 Ngf8 30. Nf1 Qg5 31. Bc1 Qh5 32. f3 Bh6 33. Nde3 gxf3 34. exf3 Qxf3 35. Qg2 Qxg2+ 36. Kxg2 f4 37. Nd5 f3+ 38.
Kxf3 Bxc1 39. Rb7 e4+ 40. Ke2 exd3+ 41. Kxd3 Ne5+ 42. Kc3 Nfd7 43. Nh2 Rh6 44. Nf3 Nxf3 45. Rxd7 Rh3 46. Rxd6 Rxg3 47. Kc2 Ba3 48. Nf6+ Kf7 49. Ne4 Rh3 50. Rxb6 Nd4+ 51. Kd2 Rh2+ 52. Kd3 Rh3+ 53. Kd2 Bb4+ 54. Kc1 Rh1+ 55. Kb2 Rh2+ 56. Kc1 Ne2+ 57.
Kd1 Nc3+ 58. Nxc3 Bxc3 59. Rc6 Bd4 60. b6 Rb2 61. Kc1 Rb4 62. Kd2 Rxc4 63. b7 Rb4 64. Rc7+ Ke6 65. Kd3 Kd6 66. Rh7 Kc6 67. Ke4 Rxb7 68.
Rh6+ Kb5 69. Kd5 Rd7+ 70. Ke4 Kc4 71. Rh1 Re7+ 72. Kf5 Re2 73. Rc1+ Bc3 74. Kf4 Kd3 75. Kf3 Re3+ 76. Kf2 Re8 77. Rd1+ Bd2 78. Ra1 c4 79.
Ra7 c3 80. Rd7+ Kc2 0-1

[Event "*** Titled Tuesday 3|2 Blitz"]
[Site "Chess.com"]
[Date "2017.05.02"]
[Round "10"]
[White "BigMak2500"]
[Black "scrapnel"]
[Result "0-1"]
[WhiteElo "2381"]
[BlackElo "2482"]
[TimeControl "180+2"]
[EndTime "15:18:24 PDT"]
[Termination "scrapnel won by checkmate"]

1. d4 Nf6 2. c4 e6 3. Nf3 b6 4. g3 Ba6 5. b3 b5 6. cxb5 Bxb5 7.
Bg2 Bb4+ 8. Bd2 a5 9. O-O Bc6 10. a3 Bxd2 11. Nbxd2 O-O 12. Qc2 Bb7 13. e4 d6 14. Rfe1 Na6 15. Rac1 c5 16. e5 Nd5 17. exd6 cxd4 18. Nxd4 Qxd6 19. Nc4 Qd8 20. h4 h6 21. Rcd1 Nac7 22. Nb6 Ra6 23. Na4 Qd6 24. Nc5 Ra7 25. Nxb7 Rxb7 26. Nc6 Qxa3 27. Ra1 Qxb3 28.
Qxb3 Rxb3 29. Rxa5 Rc3 30. Ne5 Rb8 31. Ra7 Rb2 32.
Bxd5 exd5 33. Ng4 Ne6 34. Ne5 Rc7 35. Rea1 Rbc2 36. Nd3 d4 37. Nb4 R2c4 38. Nd5 Rxa7 39. Rxa7 d3 40. Ne7+ Kh7 41. Rd7 Rd4 42. Rxd4 Nxd4 43.
Nd5 d2 44. Nc3 g5 45. Kg2 g4 46. Nd1 Kg6 47. Kf1 h5 48. Ne3 Kf6 49. Nd1 Ke5 50. Ne3 Ke6 51. Nd1 Kd5 52. Ne3+ Kc5 53. Nd1 Kb4 54.
Ne3 Kb3 55. f3 gxf3 56. g4 hxg4 57. h5 Nf5 58. Nxf5 d1=Q+ 59. Kf2 Qe2+ 60. Kg3 Qg2+ 61. Kh4 f2 62. h6 Qh3+ 63. Kg5 f1=Q 64. Nh4 Qc1+ 65.
Kh5 Qxh6+ 66. Kxh6 Qxh4+ 67. Kg7 g3 68. Kxf7 g2 69.
Ke6 g1=Q 70. Kd7 Qc5 71. Ke6 Qh6+ 72. Kf7 Qa7+ 73. Kg8 Qhg7# 0-1